[ AOE2 MATCH · #476633591 ]
UnrankedKoreans vs Khmer
[ REPLAY ANALYSIS · EXTRACTED FROM THE RECORDED GAME ]
Feudal
—
Castle
—
Imperial
—
| APM avg | 0.6 |
| APM peak | 27 |
| eAPM avg | 0.1 |
| Villagers / military | 0 / 0 |
Focus
⚔️ 33.3% · 🌾 66.7%
Feudal
—
Castle
—
Imperial
—
| APM avg | 11.3 |
| APM peak | 26 |
| eAPM avg | 7.1 |
| Villagers / military | 78 / 103 |
Focus
⚔️ 25.7% · 🌾 74.3%
Knight ×91 · Scout Cavalry ×10 · Trebuchet (Packed) ×2
Feudal
18:55
Castle
37:38
Imperial
56:04
| APM avg | 5.4 |
| APM peak | 16 |
| eAPM avg | 4.8 |
| Villagers / military | 68 / 66 |
Focus
⚔️ 29.4% · 🌾 70.6%
Ballista Elephant ×30 · Scorpion ×10 · Fishing Ship ×9 · Trade Cart ×6 · Skirmisher ×5 · Knight ×4
Feudal
20:31
Castle
30:18
Imperial
38:36
| APM avg | 12.1 |
| APM peak | 28 |
| eAPM avg | 8.4 |
| Villagers / military | 163 / 73 |
Focus
⚔️ 23.1% · 🌾 76.9%
Coustillier ×50 · Fishing Ship ×21 · Battering Ram ×10 · Trebuchet (Packed) ×9 · Scout Cavalry ×3 · Militia ×1
Feudal
18:23
Castle
26:12
Imperial
—
| APM avg | 5.6 |
| APM peak | 23 |
| eAPM avg | 4.6 |
| Villagers / military | 64 / 39 |
Focus
⚔️ 25.8% · 🌾 74.2%
Spearman ×24 · Magyar Huszar ×5 · Knight ×4 · Petard ×4 · Battering Ram ×2
Feudal
16:57
Castle
23:25
Imperial
39:32
| APM avg | 11.2 |
| APM peak | 42 |
| eAPM avg | 6.6 |
| Villagers / military | 81 / 115 |
Focus
⚔️ 29.7% · 🌾 70.3%
Knight ×72 · Mangonel ×36 · Fishing Ship ×14 · Trebuchet (Packed) ×3 · Spearman ×2 · Demolition Raft ×2
Match map
Initial resources + every placement click. Lines = walls · curves = elevation contours. ◆ gold · ⬟ stone · ● berries · ✦ relic · ◌ wall gap
Your base· Open — 6t gap
Janee44685's base· Open — 8t gap
davidcook449's base· Open — 13t gap
SABISHII's base· Open — 3t gap
Srbacardi's base· Open — unwalled flank
banerjeeswapnil2003's base· Open — 7t gap
Smoothed initial terrain · ◌ = detected wall gap · hover for details
Inputs per minute
— l'entourloupe - - Janee44685
Build order — l'entourloupe
3 actions detected in the replay
| 0:10 | Build | Town Center |
| 0:27 | Build | Dock |
| 0:35 | Build | House |
Build order — Janee44685
First 150 of 155 actions detected
| 1:32 | Build | Town Center |
| 2:14 | Build | Lumber Camp |
| 2:28 | Build | House |
| 2:31 | Build | House |
| 4:18 | Create | Villager (Male) ×4 |
| 5:32 | Create | Villager (Male) |
| 6:06 | Create | Villager (Male) |
| 6:30 | Build | House |
| 6:36 | Create | Villager (Male) |
| 7:09 | Create | Villager (Male) |
| 7:26 | Create | Villager (Male) |
| 7:44 | Create | Villager (Male) |
| 8:35 | Create | Villager (Male) |
| 9:06 | Create | Villager (Male) |
| 9:07 | Create | Villager (Male) |
| 9:54 | Create | Villager (Male) |
| 10:04 | Create | Villager (Male) |
| 10:05 | Create | Villager (Male) |
| 10:32 | Build | House |
| 10:45 | Create | Villager (Male) |
| 11:37 | Create | Villager (Male) |
| 12:02 | Create | Villager (Male) |
| 12:14 | Build | Mill |
| 12:34 | Create | Villager (Male) ×5 |
| 12:43 | Build | Barracks |
| 13:09 | Research | Feudal Age |
| 13:21 | Build | Farm |
| 13:22 | Build | Farm |
| 13:40 | Build | Farm |
| 13:41 | Build | Farm |
| 13:43 | Build | Farm |
| 13:44 | Build | Farm |
| 13:45 | Build | Farm |
| 13:48 | Build | Farm |
| 14:04 | Build | Farm |
| 14:44 | Build | House |
| 14:46 | Build | House |
| 15:22 | Research | Wheelbarrow |
| 15:25 | Research | Double-Bit Axe |
| 15:35 | Build | House |
| 15:38 | Build | House |
| 15:58 | Build | House |
| 16:02 | Create | Villager (Male) ×5 |
| 16:10 | Create | Villager (Male) |
| 16:11 | Create | Villager (Male) |
| 16:58 | Build | Stone Wall |
| 17:24 | Build | Mill |
| 17:49 | Build | Stone Wall |
| 18:11 | Build | Farm |
| 18:19 | Build | Farm |
| 18:25 | Build | Farm |
| 18:32 | Build | Farm |
| 18:39 | Build | Farm |
| 18:41 | Create | Villager (Male) ×5 |
| 18:50 | Build | Farm |
| 18:55 | Build | Farm |
| 19:14 | Build | Farm |
| 19:32 | Build | Mining Camp |
| 19:46 | Build | Stone Wall |
| 20:09 | Build | Stable |
| 20:37 | Build | House |
| 20:38 | Build | House |
| 20:39 | Build | House |
| 20:41 | Build | House |
| 20:42 | Build | House |
| 20:44 | Build | House |
| 21:01 | Create | Villager (Male) ×5 |
| 21:19 | Create | Scout Cavalry ×5 |
| 21:43 | Build | Mining Camp |
| 23:09 | Create | Villager (Male) ×5 |
| 24:08 | Build | Market |
| 24:14 | Build | Blacksmith |
| 24:43 | Build | Stone Wall |
| 24:56 | Build | Stone Wall |
| 25:12 | Create | Scout Cavalry ×5 |
| 25:23 | Build | Stable |
| 25:25 | Build | Stable |
| 25:26 | Build | Stable |
| 25:31 | Build | Stable |
| 25:41 | Create | Villager (Male) |
| 25:45 | Create | Villager (Male) |
| 25:45 | Create | Villager (Male) |
| 25:46 | Create | Villager (Male) |
| 25:47 | Create | Villager (Male) |
| 25:50 | Create | Villager (Male) |
| 25:57 | Research | Castle Age |
| 25:58 | Create | Villager (Male) ×5 |
| 26:00 | Create | Villager (Male) |
| 26:38 | Research | Scale Barding Armor |
| 26:39 | Research | Forging |
| 27:16 | Build | Stone Wall |
| 28:27 | Build | Stone Wall |
| 29:27 | Build | Stone Wall |
| 29:29 | Build | Stone Wall |
| 30:27 | Build | Lumber Camp |
| 30:41 | Research | Hand Cart |
| 30:54 | Create | Villager (Male) ×5 |
| 30:54 | Create | Villager (Male) |
| 31:04 | Research | Chain Barding Armor |
| 31:05 | Research | Iron Casting |
| 31:10 | Research | Light Cavalry (upgrade) |
| 31:17 | Research | Husbandry |
| 33:47 | Build | Mill |
| 33:52 | Build | Farm |
| 33:53 | Build | Farm |
| 33:54 | Build | Farm |
| 33:55 | Build | Farm |
| 33:57 | Build | Farm |
| 33:58 | Build | Farm |
| 33:59 | Build | Farm |
| 34:30 | Build | Castle |
| 34:43 | Create | Villager (Male) ×5 |
| 34:59 | Create | Knight ×5 |
| 35:01 | Create | Knight ×5 |
| 36:41 | Research | Imperial Age |
| 38:31 | Research | Gold Mining |
| 38:44 | Build | Lumber Camp |
| 40:23 | Create | Trebuchet (Packed) |
| 40:34 | Research | Cavalier (upgrade) |
| 40:42 | Create | Knight ×5 |
| 41:05 | Build | Farm |
| 41:18 | Build | Castle |
| 42:26 | Create | Knight ×5 |
| 43:04 | Research | Conscription |
| 43:18 | Create | Trebuchet (Packed) |
| 43:47 | Build | Mining Camp |
| 44:48 | Create | Knight ×5 |
| 47:23 | Create | Knight ×5 |
| 47:24 | Create | Knight ×5 |
| 49:01 | Research | Paladin (upgrade) |
| 49:03 | Create | Knight ×2 |
| 49:18 | Build | Lumber Camp |
| 49:33 | Build | Castle |
| 50:34 | Create | Knight ×5 |
| 50:46 | Create | Knight ×4 |
| 53:16 | Build | Stone Wall |
| 53:39 | Build | Farm |
| 54:54 | Create | Knight ×5 |
| 54:54 | Create | Knight ×5 |
| 54:56 | Create | Knight ×5 |
| 55:12 | Create | Villager (Male) ×5 |
| 55:16 | Create | Villager (Male) |
| 55:17 | Create | Villager (Male) |
| 55:17 | Create | Villager (Male) |
| 55:18 | Create | Villager (Male) |
| 55:37 | Build | Gate |
| 55:57 | Build | Mining Camp |
| 56:14 | Research | Plate Barding Armor |
| 56:15 | Research | Blast Furnace |
| 59:26 | Create | Knight ×5 |
Build order — davidcook449
First 150 of 206 actions detected
| 2:23 | Build | Town Center |
| 4:42 | Research | Loom |
| 4:59 | Create | Villager (Male) |
| 5:00 | Create | Villager (Male) ×3 |
| 6:09 | Build | House |
| 6:11 | Build | House |
| 6:12 | Build | House |
| 6:14 | Build | House |
| 6:25 | Create | Villager (Male) |
| 7:13 | Create | Villager (Male) |
| 8:21 | Build | Lumber Camp |
| 8:30 | Create | Villager (Male) |
| 8:31 | Create | Villager (Male) |
| 8:31 | Create | Villager (Male) |
| 8:31 | Create | Villager (Male) |
| 9:25 | Create | Villager (Male) |
| 9:26 | Create | Villager (Male) |
| 9:26 | Create | Villager (Male) |
| 10:45 | Create | Villager (Male) ×4 |
| 11:26 | Create | Villager (Male) ×2 |
| 12:49 | Build | Mining Camp |
| 12:56 | Create | Villager (Male) ×3 |
| 13:21 | Create | Villager (Male) |
| 14:28 | Build | Dock |
| 15:15 | Build | Farm |
| 15:20 | Create | Fishing Ship |
| 16:11 | Create | Fishing Ship |
| 16:45 | Research | Feudal Age |
| 16:51 | Create | Fishing Ship |
| 16:55 | Create | Fishing Ship |
| 16:56 | Create | Fishing Ship |
| 17:08 | Build | House |
| 17:09 | Build | House |
| 17:10 | Build | House |
| 17:11 | Build | House |
| 18:19 | Build | Barracks |
| 18:29 | Create | Villager (Male) ×5 |
| 18:36 | Create | Fishing Ship |
| 18:54 | Build | House |
| 18:55 | Age | Feudal Age |
| 18:57 | Build | House |
| 19:02 | Build | House |
| 19:12 | Research | Town Watch |
| 19:23 | Build | Watch Tower |
| 19:32 | Create | Villager (Male) ×3 |
| 19:44 | Research | Tech 906 |
| 20:11 | Build | Lumber Camp |
| 20:30 | Build | Watch Tower |
| 21:09 | Build | Mining Camp |
| 21:21 | Build | Mill |
| 21:31 | Research | Wheelbarrow |
| 21:57 | Research | Double-Bit Axe |
| 22:04 | Research | Stone Mining |
| 22:21 | Build | Farm |
| 23:19 | Build | Stable |
| 23:45 | Build | Market |
| 24:07 | Build | Blacksmith |
| 24:13 | Create | Villager (Male) ×5 |
| 25:12 | Research | Padded Archer Armor |
| 25:21 | Build | Dock |
| 25:30 | Build | Stable |
| 25:36 | Build | Stable |
| 25:40 | Create | Scout Cavalry ×3 |
| 26:08 | Build | Farm |
| 26:12 | Research | Horse Collar |
| 26:18 | Research | Gold Mining |
| 26:23 | Create | Trade Cart |
| 26:49 | Create | Scout Cavalry |
| 26:58 | Create | Villager (Male) |
| 27:08 | Create | Fishing Ship |
| 27:08 | Create | Fishing Ship |
| 27:09 | Create | Fishing Ship |
| 27:19 | Create | Villager (Male) ×3 |
| 27:33 | Build | Stable |
| 27:58 | Build | Dock |
| 28:11 | Build | House |
| 28:13 | Build | House |
| 28:14 | Build | House |
| 28:16 | Build | House |
| 28:18 | Build | House |
| 28:20 | Build | House |
| 28:22 | Build | House |
| 28:37 | Build | Mining Camp |
| 29:24 | Build | Lumber Camp |
| 30:06 | Build | Watch Tower |
| 30:47 | Create | Villager (Male) ×5 |
| 31:04 | Create | Unit 2626 |
| 32:01 | Create | Villager (Male) ×5 |
| 32:18 | Build | Farm |
| 32:27 | Build | Farm |
| 33:38 | Research | Castle Age |
| 33:48 | Research | Fletching |
| 33:58 | Build | Archery Range |
| 34:24 | Create | Trade Cart |
| 34:25 | Create | Trade Cart |
| 34:26 | Create | Trade Cart |
| 34:56 | Create | Skirmisher ×5 |
| 35:09 | Build | Archery Range |
| 35:42 | Create | Trade Cart |
| 35:43 | Create | Trade Cart |
| 35:57 | Research | Bloodlines |
| 36:12 | Research | Scale Mail Armor |
| 36:14 | Research | Scale Barding Armor |
| 36:16 | Research | Forging |
| 36:29 | Build | Barracks |
| 36:31 | Build | Barracks |
| 36:33 | Build | Barracks |
| 37:14 | Build | Lumber Camp |
| 37:24 | Research | Arson |
| 37:38 | Age | Castle Age |
| 38:28 | Research | Leather Archer Armor |
| 38:39 | Build | Castle |
| 38:56 | Research | Pikeman (upgrade) |
| 38:57 | Research | Man-at-Arms (upgrade) |
| 39:02 | Research | Elite Skirmisher (upgrade) |
| 39:04 | Research | Crossbowman (upgrade) |
| 39:30 | Build | Monastery |
| 39:38 | Build | University |
| 39:49 | Build | Town Center |
| 40:20 | Research | Town Patrol |
| 40:22 | Create | Villager (Male) ×5 |
| 41:03 | Research | Bow Saw |
| 41:40 | Build | Stable |
| 41:42 | Build | Stable |
| 41:51 | Create | Cavalry Archer ×3 |
| 42:01 | Research | Long Swordsman (upgrade) |
| 42:23 | Create | Monk |
| 42:33 | Build | Farm |
| 42:43 | Build | Farm |
| 42:55 | Research | Ballistics |
| 43:02 | Research | Heavy Plow |
| 43:31 | Create | Ballista Elephant ×5 |
| 43:52 | Research | Hand Cart |
| 44:15 | Build | Farm |
| 44:35 | Build | Farm |
| 45:02 | Build | Farm |
| 45:13 | Build | Farm |
| 45:39 | Build | Lumber Camp |
| 45:49 | Research | Tusk Swords |
| 45:56 | Research | Bodkin Arrow |
| 46:11 | Research | Heated Shot |
| 46:19 | Research | Masonry |
| 46:57 | Build | Farm |
| 47:04 | Create | Villager (Male) ×5 |
| 47:19 | Create | Ballista Elephant ×2 |
| 47:46 | Build | Siege Workshop |
| 47:49 | Build | Siege Workshop |
| 47:57 | Research | Husbandry |
| 47:59 | Create | Knight |
| 48:21 | Create | Villager (Male) ×3 |
Build order — SABISHII
First 150 of 313 actions detected
| 0:06 | Build | Town Center |
| 2:30 | Create | Villager (Male) |
| 2:31 | Create | Villager (Male) |
| 2:31 | Create | Villager (Male) |
| 2:31 | Create | Villager (Male) |
| 3:02 | Research | Loom |
| 3:30 | Build | House |
| 4:10 | Build | House |
| 4:55 | Build | House |
| 5:15 | Create | Villager (Male) |
| 5:15 | Create | Villager (Male) |
| 6:14 | Create | Villager (Male) |
| 7:52 | Create | Villager (Male) |
| 7:53 | Create | Villager (Male) |
| 7:54 | Create | Villager (Male) |
| 7:58 | Create | Villager (Male) |
| 7:59 | Create | Villager (Male) |
| 9:55 | Build | Dock |
| 10:11 | Create | Villager (Male) |
| 10:12 | Create | Villager (Male) |
| 10:21 | Create | Villager (Male) |
| 10:21 | Create | Villager (Male) |
| 10:22 | Create | Villager (Male) |
| 10:46 | Create | Fishing Ship |
| 10:46 | Create | Fishing Ship |
| 11:33 | Build | House |
| 11:34 | Build | House |
| 11:34 | Build | House |
| 11:36 | Build | House |
| 12:05 | Create | Villager (Male) |
| 12:11 | Create | Fishing Ship |
| 12:11 | Create | Fishing Ship |
| 12:17 | Create | Fishing Ship |
| 12:33 | Build | Lumber Camp |
| 12:42 | Create | Villager (Male) |
| 13:07 | Build | Dock |
| 13:18 | Research | Double-Bit Axe |
| 13:38 | Create | Villager (Male) |
| 13:40 | Create | Villager (Male) |
| 13:50 | Build | Barracks |
| 14:02 | Create | Fishing Ship |
| 14:14 | Create | Fishing Ship |
| 14:42 | Create | Militia |
| 15:13 | Build | Outpost |
| 15:17 | Create | Villager (Male) |
| 15:18 | Create | Villager (Male) |
| 15:32 | Create | Fishing Ship |
| 15:32 | Create | Fishing Ship |
| 15:33 | Create | Fishing Ship |
| 15:34 | Create | Fishing Ship |
| 16:20 | Create | Villager (Male) |
| 16:30 | Build | Dock |
| 16:32 | Create | Fishing Ship |
| 16:33 | Create | Fishing Ship |
| 16:50 | Research | Tech 906 |
| 17:15 | Create | Villager (Male) |
| 17:16 | Create | Villager (Male) |
| 17:25 | Build | House |
| 17:26 | Build | House |
| 17:26 | Build | House |
| 17:28 | Build | House |
| 18:15 | Research | Feudal Age |
| 18:27 | Create | Fishing Ship |
| 18:27 | Create | Fishing Ship |
| 19:12 | Create | Fishing Ship |
| 19:12 | Create | Fishing Ship |
| 19:15 | Create | Fishing Ship |
| 19:15 | Create | Fishing Ship |
| 20:18 | Create | Villager (Male) |
| 20:18 | Create | Villager (Male) |
| 20:23 | Create | Fishing Ship |
| 20:27 | Create | Fishing Ship |
| 20:31 | Age | Feudal Age |
| 20:36 | Research | Gillnets |
| 20:49 | Research | Wheelbarrow |
| 20:59 | Build | Stable |
| 21:16 | Build | Blacksmith |
| 21:34 | Build | Fish Trap |
| 22:14 | Create | Scout Cavalry |
| 22:15 | Create | Scout Cavalry |
| 22:17 | Create | Scout Cavalry |
| 22:26 | Build | Stable |
| 22:28 | Create | Villager (Male) |
| 22:29 | Create | Villager (Male) |
| 23:39 | Build | Mining Camp |
| 23:51 | Build | Mining Camp |
| 24:05 | Build | Mill |
| 25:16 | Build | Market |
| 25:23 | Create | Villager (Male) |
| 25:23 | Create | Villager (Male) |
| 25:24 | Create | Villager (Male) |
| 25:31 | Research | Gold Mining |
| 25:34 | Research | Stone Mining |
| 25:39 | Research | Bow Saw |
| 26:04 | Create | Villager (Male) |
| 26:05 | Create | Villager (Male) |
| 26:12 | Build | Lumber Camp |
| 26:33 | Build | House |
| 26:33 | Build | House |
| 26:33 | Build | House |
| 26:34 | Build | House |
| 26:34 | Build | House |
| 26:36 | Build | House |
| 26:53 | Research | Stone Shaft Mining |
| 26:56 | Research | Gold Shaft Mining |
| 27:12 | Research | Forging |
| 27:22 | Create | Villager (Male) |
| 27:26 | Research | Castle Age |
| 27:41 | Research | Man-at-Arms (upgrade) |
| 28:53 | Build | Lumber Camp |
| 29:16 | Build | Fish Trap |
| 29:16 | Build | Fish Trap |
| 29:17 | Build | Fish Trap |
| 29:19 | Build | Fish Trap |
| 29:20 | Build | Fish Trap |
| 29:26 | Build | Fish Trap |
| 29:28 | Build | Fish Trap |
| 29:36 | Build | Fish Trap |
| 29:37 | Build | Fish Trap |
| 29:38 | Build | Fish Trap |
| 29:39 | Build | Fish Trap |
| 29:50 | Build | Fish Trap |
| 30:02 | Build | Fish Trap |
| 30:03 | Build | Fish Trap |
| 30:03 | Build | Fish Trap |
| 30:05 | Build | Fish Trap |
| 30:07 | Build | Fish Trap |
| 30:18 | Age | Castle Age |
| 30:20 | Create | Villager (Male) |
| 30:21 | Create | Villager (Male) |
| 30:25 | Create | Villager (Male) |
| 30:25 | Create | Villager (Male) |
| 30:26 | Create | Villager (Male) |
| 30:58 | Build | Siege Workshop |
| 31:07 | Build | Fish Trap |
| 31:33 | Build | Castle |
| 31:47 | Build | Siege Workshop |
| 31:59 | Create | Villager (Male) |
| 32:05 | Build | Town Center |
| 32:11 | Build | Fish Trap |
| 33:07 | Build | University |
| 33:15 | Create | Battering Ram |
| 33:15 | Create | Battering Ram |
| 33:22 | Research | Fletching |
| 33:45 | Create | Battering Ram |
| 33:45 | Create | Battering Ram |
| 33:50 | Create | Coustillier |
| 33:50 | Create | Coustillier |
| 33:59 | Build | Lumber Camp |
| 34:53 | Research | Burgundian Vineyards |
Build order — Srbacardi
First 150 of 175 actions detected
| 2:07 | Build | Town Center |
| 4:35 | Build | House |
| 4:37 | Build | House |
| 4:46 | Create | Villager (Male) |
| 4:47 | Create | Villager (Male) |
| 4:47 | Create | Villager (Male) |
| 4:47 | Create | Villager (Male) |
| 4:47 | Create | Villager (Male) |
| 4:47 | Create | Villager (Male) |
| 6:38 | Create | Villager (Male) |
| 6:38 | Create | Villager (Male) |
| 6:38 | Create | Villager (Male) |
| 7:25 | Create | Villager (Male) |
| 7:26 | Create | Villager (Male) |
| 7:52 | Create | Villager (Male) |
| 8:21 | Build | Mill |
| 8:42 | Create | Villager (Male) |
| 9:08 | Build | Farm |
| 9:10 | Build | Farm |
| 9:12 | Build | Farm |
| 9:31 | Build | House |
| 9:36 | Build | House |
| 10:00 | Create | Villager (Male) |
| 10:24 | Create | Villager (Male) |
| 10:44 | Build | Farm |
| 11:09 | Build | Farm |
| 11:11 | Create | Villager (Male) |
| 11:11 | Create | Villager (Male) |
| 11:12 | Create | Villager (Male) |
| 11:51 | Create | Villager (Male) |
| 12:06 | Build | Farm |
| 12:38 | Create | Villager (Male) |
| 12:38 | Create | Villager (Male) |
| 13:09 | Build | Farm |
| 13:34 | Build | Farm |
| 13:36 | Create | Villager (Male) |
| 13:36 | Create | Villager (Male) |
| 13:39 | Create | Villager (Male) |
| 14:01 | Build | Lumber Camp |
| 14:09 | Build | Mill |
| 14:36 | Create | Villager (Male) |
| 15:05 | Build | House |
| 15:09 | Build | House |
| 16:06 | Build | Mining Camp |
| 16:13 | Research | Feudal Age |
| 16:37 | Build | Mining Camp |
| 17:52 | Build | Barracks |
| 18:23 | Age | Feudal Age |
| 18:29 | Research | Horse Collar |
| 18:37 | Create | Villager (Male) |
| 18:37 | Create | Villager (Male) |
| 18:37 | Create | Villager (Male) |
| 18:38 | Create | Villager (Male) |
| 18:38 | Create | Villager (Male) |
| 18:38 | Create | Villager (Male) |
| 18:53 | Build | Farm |
| 19:34 | Research | Double-Bit Axe |
| 20:52 | Build | Blacksmith |
| 21:02 | Research | Wheelbarrow |
| 22:12 | Build | Market |
| 22:35 | Create | Villager (Male) |
| 22:42 | Create | Villager (Male) |
| 23:25 | Build | Stone Wall |
| 23:32 | Research | Castle Age |
| 24:25 | Build | Stable |
| 26:12 | Age | Castle Age |
| 26:33 | Build | Town Center |
| 26:39 | Create | Villager (Male) |
| 26:39 | Create | Villager (Male) |
| 26:39 | Create | Villager (Male) |
| 26:39 | Create | Villager (Male) |
| 26:40 | Create | Villager (Male) |
| 26:40 | Create | Villager (Male) |
| 26:40 | Create | Villager (Male) |
| 26:55 | Build | House |
| 26:56 | Build | House |
| 26:58 | Build | House |
| 27:00 | Build | House |
| 27:04 | Build | House |
| 27:23 | Research | Gold Mining |
| 27:28 | Research | Bow Saw |
| 27:37 | Research | Heavy Plow |
| 27:43 | Research | Stone Mining |
| 28:08 | Create | Knight |
| 28:09 | Create | Knight |
| 28:31 | Create | Spearman |
| 28:31 | Create | Spearman |
| 29:14 | Build | Monastery |
| 29:28 | Research | Gold Shaft Mining |
| 29:36 | Create | Villager (Male) |
| 29:37 | Create | Villager (Male) |
| 29:37 | Create | Villager (Male) |
| 29:37 | Create | Villager (Male) |
| 29:38 | Create | Villager (Male) |
| 29:48 | Create | Villager (Male) |
| 29:48 | Create | Villager (Male) |
| 29:48 | Create | Villager (Male) |
| 29:49 | Create | Villager (Male) |
| 29:49 | Create | Villager (Male) |
| 30:23 | Build | Stone Wall |
| 30:49 | Build | Farm |
| 30:52 | Build | Farm |
| 30:56 | Build | Farm |
| 31:32 | Research | Pikeman (upgrade) |
| 31:33 | Create | Spearman |
| 31:33 | Create | Spearman |
| 31:34 | Create | Spearman |
| 31:34 | Create | Spearman |
| 31:34 | Create | Spearman |
| 31:34 | Create | Spearman |
| 31:35 | Create | Spearman |
| 31:35 | Create | Spearman |
| 32:56 | Build | Castle |
| 33:37 | Build | Siege Workshop |
| 33:49 | Research | Fletching |
| 34:12 | Create | Petard |
| 34:13 | Create | Petard |
| 34:13 | Create | Petard |
| 34:14 | Create | Petard |
| 34:24 | Create | Battering Ram |
| 34:25 | Create | Battering Ram |
| 34:29 | Create | Spearman |
| 34:29 | Create | Spearman |
| 34:29 | Create | Spearman |
| 34:29 | Create | Spearman |
| 34:29 | Create | Spearman |
| 34:30 | Create | Spearman |
| 34:30 | Create | Spearman |
| 36:01 | Create | Magyar Huszar |
| 36:01 | Create | Magyar Huszar |
| 36:02 | Create | Magyar Huszar |
| 36:02 | Create | Magyar Huszar |
| 36:02 | Create | Magyar Huszar |
| 36:57 | Create | Knight |
| 36:58 | Create | Knight |
| 40:20 | Research | Hand Cart |
| 40:37 | Build | Barracks |
| 40:52 | Build | Mining Camp |
| 41:08 | Build | Town Center |
| 41:29 | Create | Villager (Male) |
| 41:30 | Create | Villager (Male) |
| 41:30 | Create | Villager (Male) |
| 41:31 | Create | Villager (Male) |
| 41:31 | Create | Villager (Male) |
| 41:45 | Research | Arson |
| 42:18 | Create | Spearman |
| 42:20 | Create | Spearman |
| 42:21 | Create | Spearman |
| 42:21 | Create | Spearman |
| 42:21 | Create | Spearman |
Build order — banerjeeswapnil2003
First 150 of 199 actions detected
| 0:22 | Build | Town Center |
| 2:45 | Create | Villager (Male) ×4 |
| 3:11 | Build | House |
| 3:19 | Research | Loom |
| 3:50 | Build | House |
| 4:37 | Create | Villager (Male) |
| 4:37 | Create | Villager (Male) |
| 5:12 | Create | Villager (Male) |
| 5:13 | Create | Villager (Male) |
| 5:26 | Build | Mill |
| 6:48 | Create | Villager (Male) |
| 8:59 | Create | Villager (Male) ×5 |
| 9:15 | Build | House |
| 9:37 | Create | Villager (Male) |
| 9:38 | Create | Villager (Male) |
| 10:34 | Build | Dock |
| 10:56 | Build | Farm |
| 10:58 | Build | Farm |
| 11:37 | Create | Fishing Ship |
| 11:38 | Create | Fishing Ship |
| 11:51 | Create | Villager (Male) |
| 11:51 | Create | Villager (Male) |
| 11:59 | Build | Farm |
| 12:08 | Build | Farm |
| 12:11 | Build | Farm |
| 12:31 | Build | House |
| 12:33 | Build | House |
| 12:39 | Create | Fishing Ship |
| 12:52 | Create | Villager (Male) |
| 13:21 | Create | Fishing Ship |
| 13:47 | Build | Mining Camp |
| 14:01 | Create | Villager (Male) |
| 14:24 | Build | Mining Camp |
| 14:33 | Build | House |
| 14:47 | Research | Feudal Age |
| 14:52 | Create | Fishing Ship |
| 14:52 | Create | Fishing Ship |
| 15:52 | Create | Villager (Male) ×4 |
| 16:11 | Build | Lumber Camp |
| 16:31 | Create | Fishing Ship |
| 16:32 | Create | Fishing Ship |
| 16:57 | Age | Feudal Age |
| 17:16 | Create | Villager (Male) ×5 |
| 17:56 | Build | Market |
| 18:09 | Build | Blacksmith |
| 18:22 | Create | Fishing Ship |
| 18:22 | Create | Fishing Ship |
| 18:36 | Build | House |
| 18:40 | Build | House |
| 19:09 | Build | House |
| 19:40 | Build | Barracks |
| 19:51 | Create | Fishing Ship |
| 19:52 | Create | Fishing Ship |
| 20:08 | Create | Villager (Male) |
| 20:33 | Research | Castle Age |
| 20:51 | Build | House |
| 21:14 | Create | Fishing Ship |
| 21:14 | Create | Fishing Ship |
| 21:59 | Create | Spearman |
| 21:59 | Create | Spearman |
| 22:27 | Create | Demolition Raft |
| 22:36 | Create | Demolition Raft |
| 23:15 | Build | Stable |
| 23:21 | Build | Stable |
| 23:25 | Age | Castle Age |
| 23:50 | Create | Villager (Male) ×5 |
| 24:00 | Build | Lumber Camp |
| 24:45 | Create | Knight ×5 |
| 24:56 | Create | Villager (Male) ×5 |
| 25:04 | Research | Stone Mining |
| 25:13 | Research | Horse Collar |
| 25:17 | Research | Double-Bit Axe |
| 25:32 | Build | Dock |
| 25:41 | Build | Town Center |
| 25:48 | Create | Knight ×2 |
| 26:03 | Build | Stable |
| 26:10 | Build | Stable |
| 26:29 | Build | House |
| 26:34 | Build | House |
| 26:36 | Build | House |
| 27:03 | Research | Wheelbarrow |
| 27:06 | Research | Town Watch |
| 27:15 | Create | Knight |
| 27:15 | Create | Knight |
| 27:30 | Create | Villager (Male) ×2 |
| 28:08 | Build | Dock |
| 28:58 | Create | Villager (Male) ×5 |
| 29:42 | Build | Town Center |
| 29:53 | Create | Villager (Male) ×5 |
| 29:57 | Create | Villager (Male) ×3 |
| 31:57 | Build | Castle |
| 32:26 | Build | Stone Wall |
| 32:34 | Build | Stone Wall |
| 32:51 | Build | Stone Wall |
| 34:34 | Create | Villager (Male) ×5 |
| 34:43 | Create | Villager (Male) ×5 |
| 35:06 | Build | Farm |
| 35:07 | Build | Farm |
| 35:07 | Build | Farm |
| 35:09 | Build | Farm |
| 35:10 | Build | Farm |
| 35:12 | Build | Farm |
| 35:14 | Build | Farm |
| 35:15 | Build | Farm |
| 35:17 | Build | Farm |
| 35:18 | Build | Farm |
| 35:19 | Build | Farm |
| 35:46 | Research | Gold Mining |
| 35:50 | Create | Villager (Male) ×5 |
| 36:22 | Research | Imperial Age |
| 36:30 | Build | Lumber Camp |
| 36:52 | Build | Farm |
| 36:53 | Build | Farm |
| 37:41 | Build | Stable |
| 38:31 | Build | Siege Workshop |
| 38:39 | Build | Siege Workshop |
| 39:32 | Age | Imperial Age |
| 40:12 | Build | Stable |
| 40:15 | Create | Mangonel |
| 40:16 | Create | Mangonel |
| 40:36 | Build | Mining Camp |
| 40:43 | Create | Villager (Male) ×5 |
| 40:46 | Create | Villager (Male) |
| 41:15 | Build | Stable |
| 41:20 | Create | Mangonel |
| 41:20 | Create | Mangonel |
| 41:20 | Create | Mangonel |
| 41:23 | Create | Mangonel |
| 41:24 | Create | Mangonel |
| 42:24 | Build | Castle |
| 43:00 | Research | Drill |
| 43:13 | Create | Mangonel |
| 43:14 | Create | Mangonel |
| 43:18 | Create | Knight ×5 |
| 43:19 | Create | Knight ×5 |
| 43:19 | Create | Knight ×5 |
| 44:00 | Research | Hand Cart |
| 44:06 | Research | Town Patrol |
| 44:21 | Build | Mining Camp |
| 44:34 | Build | Mining Camp |
| 44:52 | Research | Drill |
| 46:12 | Research | Onager (upgrade) |
| 47:07 | Create | Mangonel ×5 |
| 47:07 | Create | Mangonel ×5 |
| 48:25 | Research | Bow Saw |
| 48:41 | Build | University |
| 49:03 | Create | Knight ×5 |
| 49:03 | Create | Knight ×5 |
| 49:04 | Create | Knight ×5 |
| 49:04 | Create | Knight ×4 |
Match timeline
| 0:27 | l'entourloupe · first_building Dock |
| 1:41 | l'entourloupe · resign |
| 9:55 | SABISHII · first_building Dock |
| 10:34 | banerjeeswapnil2003 · first_building Dock |
| 12:43 | Janee44685 · first_building Barracks |
| 13:50 | SABISHII · first_building Barracks |
| 14:28 | davidcook449 · first_building Dock |
| 16:57 | banerjeeswapnil2003 · age_up feudal |
| 16:58 | Janee44685 · wall_segment Stone Wall x11 |
| 17:49 | Janee44685 · wall_segment Stone Wall x3 |
| 17:52 | Srbacardi · first_building Barracks |
| 18:19 | davidcook449 · first_building Barracks |
| 18:23 | Srbacardi · age_up feudal |
| 18:55 | davidcook449 · age_up feudal |
| 19:40 | banerjeeswapnil2003 · first_building Barracks |
| 19:46 | Janee44685 · wall_segment Stone Wall x16 |
| 20:09 | Janee44685 · first_building Stable |
| 20:16 | banerjeeswapnil2003 · first_market_buy 100 food |
| 20:31 | SABISHII · age_up feudal |
| 20:59 | SABISHII · first_building Stable |
| 23:15 | banerjeeswapnil2003 · first_building Stable |
| 23:19 | davidcook449 · first_building Stable |
| 23:25 | banerjeeswapnil2003 · age_up castle |
| 23:25 | Srbacardi · wall_segment Stone Wall x17 |
| 24:25 | Srbacardi · first_building Stable |
| 24:43 | Janee44685 · wall_segment Stone Wall x8 |
| 24:56 | Janee44685 · wall_segment Stone Wall x14 |
| 26:12 | Srbacardi · age_up castle |
| 26:29 | SABISHII · first_market_sell 100 food |
| 27:16 | Janee44685 · wall_segment Stone Wall x15 |
| 28:27 | Janee44685 · wall_segment Stone Wall x20 |
| 29:14 | Srbacardi · first_building Monastery |
| 29:27 | Janee44685 · wall_segment Stone Wall x10 |
| 29:29 | Janee44685 · wall_segment Stone Wall x7 |
| 30:18 | SABISHII · age_up castle |
| 30:23 | Srbacardi · wall_segment Stone Wall x13 |
| 30:58 | SABISHII · first_building Siege Workshop |
| 31:33 | SABISHII · first_building Castle |
| 31:57 | banerjeeswapnil2003 · first_building Castle |
| 32:26 | banerjeeswapnil2003 · wall_segment Stone Wall x4 |
| 32:34 | banerjeeswapnil2003 · wall_segment Stone Wall x1 |
| 32:51 | banerjeeswapnil2003 · wall_segment Stone Wall x1 |
| 32:56 | Srbacardi · first_building Castle |
| 33:30 | davidcook449 · first_market_sell 100 food |
| 33:37 | Srbacardi · first_building Siege Workshop |
| 33:58 | davidcook449 · first_building Archery Range |
| 34:30 | Janee44685 · first_building Castle |
| 36:01 | banerjeeswapnil2003 · first_market_sell 100 wood |
| 37:38 | davidcook449 · age_up castle |
| 38:31 | banerjeeswapnil2003 · first_building Siege Workshop |
| 38:36 | SABISHII · age_up imperial |
| 38:39 | davidcook449 · first_building Castle |
| 39:30 | davidcook449 · first_building Monastery |
| 39:32 | banerjeeswapnil2003 · age_up imperial |
| 47:46 | davidcook449 · first_building Siege Workshop |
| 53:16 | Janee44685 · wall_segment Stone Wall x4 |
| 54:37 | Janee44685 · first_market_sell 500 wood |
| 56:04 | davidcook449 · age_up imperial |
[ AI ANALYSIS · 1 CREDIT ]
What really happened in this match?
Wolo.gg analyzes every decision: build order, eco, micro, common mistakes by bracket. Personalized analysis on WhatsApp or Discord in 30 seconds.
Civ guide
Koreans
Perfil
Jugador #24554449